 Dungeon Crawl Stone Soup version 0.30-a0-137-gd8773701ce (webtiles) character file.

Game seed: 3093337925127249555

292 juncz the Magician (level 6, -9/47 HPs)
             Began as a Djinni Conjurer on Sept 23, 2022.
             Mangled by an ice beast (16 damage)
             ... on level 5 of the Dungeon.
             The game lasted 00:09:11 (6215 turns).

juncz the Magician (Djinni Conjurer)                Turns: 6215, Time: 00:09:12

Health: -9/47      AC:  2    Str:  6    XL:     6   Next: 59%
Gold:   148        EV: 12    Int: 21    God:
                   SH:  0    Dex: 12

rFire   + + .      SeeInvis .    e - +2 trident (flame)
rCold   x . .      Faith    .    (no shield)
rNeg    . . .      Spirit   .    a - +0 robe
rPois   ∞          Reflect  .    (no helmet)
rElec   .          Harm     .    (no cloak)
rCorr   .          Rampage  .    (no gloves)
Will    .....                    (boots unavailable)
Stlth   ++........               (no amulet)
HPRegen 0.15/turn                (no ring)
MPRegen 0.00/turn                (no ring)

@: about to teleport, flying
A: sickness immunity, fire resistance 2, cold vulnerability 1, float, innate
caster, HP casting, extra vitality 1
a: no special abilities


You were on level 5 of the Dungeon.
You visited 1 branch of the dungeon, and saw 5 of its levels.

You collected 148 gold pieces.

Inventory:

Hand Weapons
 e - a +2 trident of flaming (weapon)
 o - a +0 dagger
Armour
 a - a +0 robe (worn)
Wands
 k - a wand of roots (9)
Scrolls
 c - a scroll of torment {unknown}
 g - a scroll of teleportation
 i - 2 scrolls of blinking
 j - a scroll of summoning
 n - a scroll of enchant weapon
 p - a scroll of acquirement {unknown}
Potions
 b - 2 potions of attraction {unknown}
 d - 3 potions of might {unknown}
 h - 3 potions of curing {unknown}
 m - a potion of flight {unknown}


   Skills:
 + Level 4.1 Fighting
 - Level 2.1 Dodging
 - Level 1.5 Stealth
 + Level 4.6 Spellcasting


You couldn't memorise any spells.
You knew the following spells:

 Your Spells              Type           Power      Damage    Failure   Level
a - Magic Dart            Conj           96%        1d7       1%          1
b - Searing Ray           Conj           48%        2d6       2%          2
c - Dazzling Flash        Conj/Hex       48%        N/A       4%          3
d - Fulminant Prism       Conj/Hex       12%        3d9       16%         4
e - Iskenderun's Mystic   Conj/Tloc      24%        2d7       16%         4
f - Beastly Appendage     Tmut           48%        N/A       1%          1
g - Blink                 Tloc           48%        N/A       2%          2
Your spell library was empty.

Dungeon Overview and Level Annotations

Branches:
Dungeon (5/15)
 Temple: D:4-7

Altars:
Hepliaklqana
Okawaru
Wu Jian

Annotations:
D:4 1 runed translucent door, Crazy Yiuf


Innate Abilities, Weirdness & Mutations

You are immune to sickness and miasma.
You are immune to poison.
Your flesh is very heat resistant. (rF++)
You are vulnerable to cold. (rC-)
You float through the air rather than walking.
You learn spells naturally, not from books.
Your magical power is your life essence.
You have superior vitality. (+4 MHP)


Message History

There is an open door here.
The magic dart hits the ice beast but does no damage.
The magic dart hits the ice beast.
The ice beast is lightly wounded.
The magic dart hits the ice beast.
The ice beast is lightly wounded.
You reach to attack!
You hit the ice beast.
You melt the ice beast.
The ice beast is moderately wounded.
The ice beast hits you but does no damage.
You hit the ice beast but do no damage.
The ice beast is moderately wounded.
The ice beast hits you. The ice beast freezes you!
You feel a terrible chill!
You closely miss the ice beast. Your punch misses the ice beast.
The ice beast is moderately wounded.
The ice beast hits you. The ice beast freezes you!
You feel a terrible chill!
* * * LOW HITPOINT WARNING * * *
Okay, then.
Casting: Magic Dart (safe; 1% risk of failure)
Confirm with . or Enter, or press ? or * to list all spells.
You don't know that spell.
Casting: Magic Dart (safe; 1% risk of failure)
Confirm with . or Enter, or press ? or * to list all spells.
You blink.
* * * LOW HITPOINT WARNING * * *
As you read the scroll of teleportation, it crumbles to dust.
You feel strangely unstable.
Casting: Blink (safe; 2% risk of failure)
Confirm with . or Enter, or press ? or * to list all spells.
You are still too unstable to blink.
You feel stable enough to blink again.
Casting: Blink (safe; 2% risk of failure)
Confirm with . or Enter, or press ? or * to list all spells.
You erupt in a blast of force!
The mystic blast hits the ice beast but does no damage.
The ice beast is moderately wounded.
* * * LOW HITPOINT WARNING * * *
The ice beast hits you.
* * * LOW HITPOINT WARNING * * *
The ice beast freezes you!
You feel a terrible chill!
You die...

### #.. # #.# .#####
#.##+#.#.@.#
#.#....#.Y$#
#.#....#...# # #
#.#....#...#
....#.#.#...?#...#
.......<.........+
..#.#.###...##...#####
#. ....+........#.
....n.. #
#####...####.#.........


You could see an ice beast.

Vanquished Creatures
  A necrophage (D:5)
  A hound (D:4)
  2 orc wizards (D:5)
  8 adders
  3 worms
  A dart slug (D:2)
  8 orcs
  11 ball pythons
  4 endoplasms
  3 giant cockroaches
  6 goblins
  3 hobgoblins
  5 kobolds (D:3)
  4 quokkas
  4 bats
  3 frilled lizards
  5 rats
72 creatures vanquished.

Vanquished Creatures (others)
  A fungus (D:4)
  10 plants (D:5)
11 creatures vanquished.

Grand Total: 83 creatures vanquished

Notes
Turn   | Place    | Note
-------+----------+-------------------------------------------
     0 | D:1      | juncz the Djinni Conjurer began the quest for the Orb.
     0 | D:1      | juncz set off with the following spells memorised: Magic
                  | Dart, Searing Ray, Dazzling Flash, Fulminant Prism,
                  | Iskenderun's Mystic Blast.
     0 | D:1      | Reached XP level 1. HP: 15/15 MP: 0/0
   336 | D:1      | Reached XP level 2. HP: 21/22 MP: 0/0
   466 | D:1      | Reached skill level 1 in Fighting
   804 | D:1      | Found a faded altar of an unknown god.
  1472 | D:2      | Reached XP level 3. HP: 21/28 MP: 0/0
  1472 | D:2      | Learned a level 1 spell: Beastly Appendage
  2043 | D:2      | Reached XP level 4. HP: 16/33 MP: 0/0
  3660 | D:3      | Reached XP level 5. HP: 38/40 MP: 0/0
  3660 | D:3      | Learned a level 2 spell: Blink
  3756 | D:3      | Found an iron altar of Okawaru.
  5062 | D:4      | Found a runed translucent door.
  5063 | D:4      | Noticed Crazy Yiuf
  5084 | D:5      | Entered Level 5 of the Dungeon
  5089 | D:5      | Noticed an ice beast
  5170 | D:5      | Found a hazy altar of Hepliaklqana.
  5381 | D:5      | Reached XP level 6. HP: 29/47 MP: 0/0
  6129 | D:5      | Found an ornate altar of the Wu Jian Council.
  6215 | D:5      | Mangled by an ice beast

Illustrated notes

Levels and vault maps discovered:
D:1:      lightli_arrival_farm, layout_loops_corners,
          shapermc_ecumenical_altar_pompeii, minmay_liquid_box, st_stairs_14,
          minivault_19
D:2:      layout_loops_ring
D:3:      layout_basic, mainiacjoe_overflow_divided_tiny
D:4:      layout_gridville, amethyst_killhole, uniq_crazy_yiuf_cottage
D:5:      layout_basic, chequers_temple_overflow_statue_of_worship,
          nicolae_wu_jian_glorious_leap, mainiacjoe_overflow_catch_the_wave

Skill      XL: |  1  2  3  4  5  6 |
---------------+-------------------+-----
Fighting       | 1 2 3 4 |  4.1
Spellcasting   | 4 |  4.6
Dodging        | |  2.1
Stealth        | |  1.5

Action                   |  1- 3 |  4- 6 || total
-------------------------+-------+-------++-------
Melee: Dagger            |       |    57 ||    57
       Unarmed           |       |     1 ||     1
       Trident           |       |     3 ||     3
 Cast: Magic Dart        |    74 |   133 ||   207
       Blink             |       |     1 ||     1
       Iskenderun's Myst |       |     1 ||     1
  Use: Scroll            |       |     8 ||     8
Armor: Robe              |       |     6 ||     6
Dodge: Dodged            |     1 |    16 ||    17

Table legend: (Time is in decaauts)
 A = Elapsed time spent in this place.
 B = Non-inter-level travel time spent in this place.
 C = Inter-level travel time spent in this place.
 D = Time resting spent in this place.
 E = Time spent auto-exploring this place.
 F = Levels seen in this place.
 G = Mean time per level.
                   A        B        C        D        E       F      G
               +--------+--------+--------+--------+--------+-----+--------+
         Total |   6215 |   5925 |    290 |   1974 |   3379 |   5 | 1243.0 |
       Dungeon |   6215 |   5925 |    290 |   1974 |   3379 |   5 | 1243.0 |
               +--------+--------+--------+--------+--------+-----+--------+

Top non-repeatable levels by time:
     D:1: 1460 daAuts
     D:4: 1351 daAuts
     D:2: 1341 daAuts
     D:3: 1221 daAuts
     D:5: 840 daAuts
